 Dungeon Crawl Stone Soup version 0.27-a0-871-g6d840cc (webtiles) character file.

Game seed: 7292267499046199941

85 Nithhogg the Covered (level 4, -2/37 HPs)
             Began as a Barachi Fighter on Apr 2, 2021.
             Killed from afar by Ijyb (12 damage)
             ... with a puff of flame
             ... on level 3 of the Dungeon.
             The game lasted 00:03:09 (2010 turns).

Nithhogg the Covered (Barachi Fighter)              Turns: 2010, Time: 00:03:09

Health: -2/37      AC:  8    Str: 19    XL:     4   Next: 48%
Magic:  0/4        EV: 10    Int:  8    God:
Gold:   126        SH:  0    Dex: 11    Spells: 3/3 levels left

rFire    . . .     SeeInvis .   a - +0 long sword
rCold    . . .     Faith    .   (no shield)
rNeg     . . .     Spirit   +   b - +0 scale mail
rPois    .         Reflect  .   f - +0 helmet
rElec    .         Harm     .   (no cloak)
rCorr    .         Rampage  .   (no gloves)
Will     .....                  (no boots)
Stlth    ..........             h - amulet of guardian spirit
HPRegen  0.12/turn              (no ring)
MPRegen  0.09/turn              (no ring)

@: slow
A: +LOS, amphibious, slowness 1, strong legs 1
a: Hop


You were on level 3 of the Dungeon.
You visited 1 branch of the dungeon, and saw 3 of its levels.

You collected 126 gold pieces.

Inventory:

Hand Weapons
 a - a +0 long sword (weapon)
Armour
 b - a +0 scale mail (worn)
 c - a +0 kite shield
 f - a +0 helmet (worn)
Jewellery
 e - a ring of protection from fire
 h - an amulet of guardian spirit (around neck)
 k - a ring of protection from fire
Scrolls
 j - 3 scrolls of identify
Potions
 d - a potion of might
 g - a potion of haste
 l - 3 potions of mutation {unknown}
 m - a potion of curing {unknown}


   Skills:
 + Level 4.2 Fighting
 * Level 3.9 Long Blades
 + Level 4.2 Armour
 + Level 1.7 Dodging
 - Level 3.2 Shields


You had 3 spell levels left.
You didn't know any spells.
Your spell library contained the following spells:

 Spells                   Type           Power      Damage    Failure   Level
 Corona                   Hex            0%         N/A       77%         1
 Magic Dart               Conj           0%         1d3       77%         1
 Blink                    Tloc           N/A        N/A       88%         2
 Call Imp                 Summ           0%         N/A       88%         2
 Ensorcelled Hibernation  Hex/Ice        0%         N/A       88%         2
 Slow                     Hex            0%         N/A       88%         2
 Confusing Touch          Hex            0%         N/A       98%         3
 Conjure Flame            Conj/Fire      0%         6-21      98%         3
 Dazzling Flash           Conj/Hex       0%         N/A       98%         3
 Mephitic Cloud           Conj/Pois/Air  0%         N/A       98%         3
 Tukima's Dance           Hex            0%         N/A       98%         3


Dungeon Overview and Level Annotations

Branches:
Dungeon (3/15)

Altars:

Shops:
D:3 (

Annotations:
D:3 Ijyb


Innate Abilities, Weirdness & Mutations

You can be seen from farther away. (+LOS)
You are amphibious.
You cover ground slowly.
You can hop short distances.


Message History

Ijyb is heavily wounded.
Ijyb zaps a wand.
The puff of flame hits you.
You are too injured to fight recklessly!
You are too injured to fight recklessly!
You are too injured to fight recklessly!
You are too injured to fight recklessly!
You are too injured to fight recklessly!
You are too injured to fight recklessly!
You are too injured to fight recklessly!
You are too injured to fight recklessly!
You are too injured to fight recklessly!
You are too injured to fight recklessly!
You are too injured to fight recklessly!
You barely miss Ijyb.
Ijyb is heavily wounded.
Ijyb hits you but does no damage.
You hit Ijyb.
Ijyb is severely wounded.
Ijyb hits you with a +0 dagger.
You closely miss Ijyb.
Ijyb is severely wounded.
Ijyb zaps a wand.
The puff of flame hits you.
You barely miss Ijyb.
Ijyb is severely wounded.
Ijyb hits you but does no damage.
Ijyb zaps a wand.
The puff of flame misses you.
You hit Ijyb.
Ijyb is almost dead.
Ijyb hits you but does no damage.
You hit Ijyb.
Ijyb is almost dead.
Ijyb zaps a wand.
The puff of flame hits you.
* * * LOW HITPOINT WARNING * * *
You barely miss Ijyb.
Ijyb is almost dead.
Ijyb barely misses you.
You closely miss Ijyb.
Ijyb is almost dead.
Ijyb zaps a wand.
The puff of flame hits you!
You die...

... #.# ##........
..###.# #........
.....######..######
#........##..#
#........##..######
#........##......#.
####.?......###.......
#.....................
#g@......###+#.#..#
######.####........
#.##..........
#.##.........∩
#.##..........
#.####....##.# #.#
##........ #.#
#.....#...
#.###.###.#...


You could see Ijyb.

Vanquished Creatures
  Jessica (D:3)
  4 dart slugs
  An orc (D:3)
  5 bats
  An endoplasm (D:1)
  2 goblins (D:1)
  4 hobgoblins
  16 jackals
  4 ball pythons (D:1)
  2 frilled lizards (D:2)
  2 kobolds (D:1)
  4 rats
46 creatures vanquished.

Notes
Turn   | Place    | Note
-------+----------+-------------------------------------------
     0 | D:1      | Nithhogg the Barachi Fighter began the quest for the Orb.
     0 | D:1      | Reached XP level 1. HP: 18/18 MP: 1/1
   154 | D:1      | Reached XP level 2. HP: 22/25 MP: 2/2
   420 | D:1      | Reached skill level 1 in Dodging
   501 | D:1      | Reached XP level 3. HP: 30/30 MP: 3/3
   956 | D:2      | Found a faded altar of an unknown god.
  1738 | D:3      | Noticed Jessica
  1749 | D:3      | Killed Jessica
  1750 | D:3      | Reached XP level 4. HP: 26/37 MP: 2/4
  1850 | D:3      | Found Haun's Weapon Boutique.
  1990 | D:3      | Noticed Ijyb
  2010 | D:3      | Killed from afar by Ijyb

Illustrated notes

Levels and vault maps discovered:
D:1:      kennysheep_arrival_seaside, layout_loops_ring
D:2:      layout_loops_ring, basic_ecumenical_altar
D:3:      layout_basic, serial_shops, shop, uniq_terence, uniq_jessica,
          uniq_crazy_yiuf_cottage, uniq_ijyb

Skill      XL: |  1  2  3 |
---------------+----------+-----
Long Blades    | 3 |  3.9
Dodging        | 1 |  1.7
Fighting       | 4 |  4.2
Armour         | 4 |  4.2
Shields        | |  3.2

Action                   |  1- 3 |  4- 6 || total
-------------------------+-------+-------++-------
Melee: Long sword        |   111 |    23 ||   134
  Use: Scroll            |     3 |     1 ||     4
Armor: Scale mail        |    73 |    11 ||    84
Dodge: Dodged            |    79 |     9 ||    88
       Rpst.: Long sword |    27 |     2 ||    29

Table legend: (Time is in decaauts)
 A = Elapsed time spent in this place.
 B = Non-inter-level travel time spent in this place.
 C = Inter-level travel time spent in this place.
 D = Time resting spent in this place.
 E = Time spent auto-exploring this place.
 F = Levels seen in this place.
 G = Mean time per level.
                   A        B        C        D        E       F      G
               +--------+--------+--------+--------+--------+-----+--------+
         Total |   2312 |   2249 |     63 |      0 |   1888 |   3 |  770.7 |
       Dungeon |   2312 |   2249 |     63 |      0 |   1888 |   3 |  770.7 |
               +--------+--------+--------+--------+--------+-----+--------+

Top non-repeatable levels by time:
     D:1: 1102 daAuts
     D:2: 702 daAuts
     D:3: 508 daAuts
